 Dungeon Crawl Stone Soup version 0.31.0-11-ge490571c62 (webtiles) character file.

Game seed: 1229795242053785397

231 qw the Ducker (level 5, 0/26 HPs)
             Began as a Spriggan Hunter on Feb 4, 2024.
             Slain by a sleepcap (19 damage)
             ... on level 4 of the Dungeon.
             The game lasted 00:00:09 (2770 turns).

qw the Ducker (Spriggan Hunter)                     Turns: 2770, Time: 00:00:09

Health: 0/26       AC:  4    Str:  7    XL:     5   Next: 73%
Magic:  6/6        EV:  4    Int: 10    God:
Gold:   165        SH:  0    Dex: 21    Spells: 4/4 levels left

rFire   . . .        a - +0 shortbow
rCold   . . .        (shield currently unavailable)
rNeg    . . .        c - +0 robe
rPois   .            (helmet restricted)
rElec   .            d - +1 cloak
rCorr   .            (gloves unavailable)
SInv    +            (boots unavailable)
Will    .....        (no amulet)
Stlth   ++           (no ring)
HPRegen 0.24/turn    (no ring)
MPRegen 0.10/turn

%: no passive effects
@: sleeping, very quick
A: very small, no large weapons, unfitting armour, see invisible, speed 3
a: no special abilities


You were on level 4 of the Dungeon.
You visited 1 branch of the dungeon, and saw 4 of its levels.

You collected 165 gold pieces.


Innate Abilities, Weirdness & Mutations

You are very small and have problems with some larger weapons.
You are too small for most types of armour.
You have supernaturally acute eyesight. (SInv)
You cover ground extremely quickly. (Speed+++)


   Skills:
 - Level 2.1 Fighting
 + Level 5.5 Ranged Weapons
 - Level 5.7 Dodging
 - Level 1.5 Stealth


You had 4 spell levels left.
You didn't know any spells.
Your spell library was empty.

Inventory:

Hand Weapons
 a - a +0 shortbow (weapon)
Armour
 c - a +0 robe (worn)
 d - a +1 cloak (worn)
Scrolls
 b - a scroll of teleportation
Potions
 f - a potion of cancellation
 h - a potion of curing

Dungeon Overview and Level Annotations

Branches:
Dungeon (4/15)
 Temple: D:4-7

Altars:
Trog


Message History

The adder completely misses you.
You shoot an arrow. The arrow completely misses the adder.
The adder closely misses you.
You shoot an arrow. The arrow hits the adder.
The adder is heavily wounded.
The adder misses you. The adder closely misses you.
You shoot an arrow. The arrow closely misses the adder.
The adder completely misses you.
You shoot an arrow. The arrow hits the adder.
The adder is heavily wounded.
The adder bites you. The adder bites you but does no damage.
You shoot an arrow. The arrow closely misses the adder.
The adder misses you.
You shoot an arrow. The arrow barely misses the adder.
The adder bites you. The adder bites you but does no damage.
You shoot an arrow. The arrow hits the adder.
You kill the adder!
You start resting.
HP restored.
Things that are here:
the +1 mace "Naos" {drain, rN+ Will+ Str+3}; a +0 chain mail You see here a +0 chain mail.
b - a scroll of teleportation A sleepcap comes into view.
You shoot an arrow. The arrow hits the sleepcap.
The sleepcap is lightly damaged.
You shoot an arrow. The arrow hits the sleepcap.
The sleepcap is lightly damaged.
You shoot an arrow. The arrow hits the sleepcap.
The sleepcap is moderately damaged.
The sleepcap misses you.
You shoot an arrow.
The arrow hits the sleepcap but does no damage.
The sleepcap is moderately damaged.
The sleepcap releases spores at you!
You are engulfed in a cloud of soporific spores!
You fall asleep.
The sleepcap releases spores at you!!
Ouch! That really hurt!
You die...

#.# #.. ##.## ###
#... ... #..#
###.### #..# #.....
###..####.#.#####
#........@f......
###.#####.#.#####
#.# #.#.# .# #.#
#.#.# .#.## #.#
#.#.# ..... #.#
#(#.#####.#.# #.#
#.#.#.......# #.#
#.#.#.#...###
#.#####%#..........


You could see a sleepcap.

Vanquished Creatures
  An ogre (D:3)
  A jelly (D:3)
  4 gnolls (D:3)
  3 adders
  A dart slug (D:2)
  5 orcs
  6 bats
  3 endoplasms
  8 goblins
  2 hobgoblins
  3 kobolds
  A quokka (D:2)
  7 ball pythons
  2 frilled lizards
  6 rats
53 creatures vanquished.

Notes
Turn   | Place    | Note
-------+----------+-------------------------------------------
     0 | D:1      | qw the Spriggan Hunter began the quest for the Orb.
     0 | D:1      | Reached XP level 1. HP: 10/10 MP: 2/2
     0 | D:1      | Noticed a large abomination
     0 | D:1      | 0 ||| qw: Version: 0.3-a-160-g6735b56
     0 | D:1      | 0 ||| qw: Game counter: 5426
     0 | D:1      | 0 ||| qw: Melee chars always use a shield: true
     0 | D:1      | 0 ||| qw: God list: Okawaru
     0 | D:1      | 0 ||| qw: Allow faded altars: false
     0 | D:1      | 0 ||| qw: Do Orc after clearing Dungeon:15 true
     0 | D:1      | 0 ||| qw: Do second Lair branch before Depths: true
     0 | D:1      | 0 ||| qw: Lair rune preference: random
     0 | D:1      | 0 ||| qw: Goals: Normal
     0 | D:1      | 0 ||| PLANNING D:1-11
     1 | D:1      | Noticed a large abomination
     3 | D:1      | Noticed a large abomination
     6 | D:1      | Noticed a small abomination
     8 | D:1      | Noticed a large abomination
     9 | D:1      | Noticed a large abomination
    11 | D:1      | Noticed a large abomination
    13 | D:1      | Noticed a large abomination
    13 | D:1      | Noticed a large abomination
    15 | D:1      | Noticed a large abomination
    15 | D:1      | Noticed a small abomination
    17 | D:1      | Noticed a large abomination
    17 | D:1      | Noticed a large abomination
    19 | D:1      | Noticed a large abomination
    19 | D:1      | Noticed a large abomination
    21 | D:1      | Noticed a large abomination
    48 | D:1      | Reached skill level 3 in Dodging
   124 | D:1      | Reached XP level 2. HP: 14/14 MP: 3/3
   664 | D:1      | 664 ||| UPGRADING to +0 cloak.
   669 | D:1      | 669 ||| READING scroll labelled FENGAUDAUHE.
   669 | D:1      | 669 ||| IDENTIFYING dark potion
   670 | D:1      | 670 ||| READING 2 scrolls labelled UGYUBL XONN.
   671 | D:1      | 671 ||| READING scroll labelled KEMUMY IXUCET.
   671 | D:1      | 671 ||| ENCHANTING +0 cloak.
   672 | D:1      | 672 ||| DROPPING scroll of butterflies.
   673 | D:1      | 673 ||| DROPPING potion of attraction.
   674 | D:1      | 674 ||| DROPPING scroll of amnesia.
   833 | D:2      | Reached XP level 3. HP: 18/18 MP: 4/4
  1633 | D:2      | 1633 ||| READING 2 scrolls of identify.
  1633 | D:2      | 1633 ||| IDENTIFYING puce potion
  1634 | D:2      | 1634 ||| READING scroll of identify.
  1634 | D:2      | 1634 ||| IDENTIFYING orange potion
  1635 | D:2      | 1635 ||| READING 2 scrolls labelled KUSAKE IVUTHRETT.
  1639 | D:2      | 1639 ||| DROPPING potion of magic.
  1673 | D:3      | 1673 ||| STAIRDANCE
  2119 | D:3      | Noticed an ogre
  2123 | D:3      | Killed an ogre
  2124 | D:3      | Reached XP level 4. HP: 22/22 MP: 5/5
  2124 | D:3      | Reached XP level 5. HP: 25/25 MP: 6/6
  2160 | D:3      | HP: 3/26 [gnoll/+0 flail (9)]
  2161 | D:3      | 2161 ||| READING scroll of teleportation.
  2391 | D:3      | Found a bloodstained altar of Trog.
  2664 | D:3      | 2664 ||| READING scroll of identify.
  2664 | D:3      | 2664 ||| IDENTIFYING golden potion
  2743 | D:4      | Identified the +1 mace "Naos" {drain, rN+ Will+ Str+3}
  2770 | D:4      | Slain by a sleepcap

Levels and vault maps discovered:
D:1:      shiori_arrival_whats_in_store_for_you, layout_basic,
          shapermc_ecumenical_altar_petra
D:2:      layout_loops_corners, roderic_roman_lattice
D:3:      layout_basic, mainiacjoe_overflow_brackets, st_stairs_6
D:4:      layout_basic, minitemple, uniq_ijyb

Skill      XL: |  1  2  3  4  5 |
---------------+----------------+-----
Dodging        | 3 4 5 |  5.7
Ranged Weapons | 5 |  5.5
Fighting       | 2 |  2.1
Stealth        | |  1.5

Action                     |  1- 3 |  4- 6 || total
---------------------------+-------+-------++-------
   Fire: Shortbow          |   132 |    44 ||   176
    Use: Scroll            |     6 |     2 ||     8
 Armour: Robe              |    19 |     9 ||    28
  Dodge: Dodged            |    45 |    24 ||    69

Table legend:
 A = Non-vault XP
 B = Vault XP
 C = Vault XP percentage of total XP
 D = Non-vault monster count
 E = Vault monster count
 F = Vault count percentage of total count
                 A         B        C        D         E       F
            +---------+---------+-------+---------+---------+-------
      Total |     326 |       5 |   1.5 |      51 |       2 |   3.8
            +---------+---------+-------+---------+---------+-------
        D:1 |      29 |       0 |   0.0 |      19 |       0 |   0.0
        D:2 |      35 |       0 |   0.0 |      10 |       0 |   0.0
        D:3 |     249 |       5 |   2.0 |      21 |       2 |   8.7
        D:4 |      13 |       0 |   0.0 |       1 |       0 |   0.0
            +---------+---------+-------+---------+---------+-------
